[Event "January 2 Late 2024"]
[Site "https://www.chess.com"]
[Date "2024.01.02"]
[Round "11"]
[White "Novak, Ratko"]
[Black "th3d4rkness"]
[Result "1-0"]
[Board "112"]
[TimeControl "180+1"]
[WhiteFideId "14511827"]
[WhiteElo "2363"]
[BlackElo "2177"]
[WhiteTeam "CRO"]
[WhiteClock "0:00:49"]
[BlackClock "0:00:11"]

1. d4 Nf6 2. c4 g6 3. Nc3 d5 4. f3 Bg7 5. e4 dxe4 6. fxe4 e5 7. d5 O-O 8. Be2 a5 9. Be3 b6 10. Qd2 Ng4 11. Bxg4 Bxg4 12. Nf3 Nd7 13. O-O Nc5 14. Bxc5 bxc5 15. Qe3 Qe7 16. Na4 Rab8 17. b3 f5 18. Qxc5 Qxc5+ 19. Nxc5 fxe4 20. Nxe4 Bf5 21. Rae1 a4 22. Nc5 axb3 23. axb3 Rfe8 24. Nd2 e4 25. Ncxe4 Bd4+ 26. Kh1 Bxe4 27. Nxe4 Kg7 28. Ng5 Bc3 29. Rxe8 Rxe8 30. Ne6+ Kh6 31. Nxc7 Rb8 32. Nb5 Bb4 33. g3 Ra8 34. d6 Ra2 35. Rd1 Bxd6 36. Nxd6 Rb2 37. Rd3 Kg5 38. h3 Kf6 39. c5 Ke6 40. Nc4 Rb1+ 41. Kg2 h5 42. c6 Rc1 43. c7 Rc2+ 44. Rd2 Rc3 1-0

[Event "January 2 Late 2024"]
[Site "https://www.chess.com"]
[Date "2024.01.02"]
[Round "11"]
[White "Novikova, Margarita"]
[Black "Kleibel, Uwe"]
[Result "0-1"]
[Board "113"]
[TimeControl "180+1"]
[WhiteFideId "14109689"]
[BlackFideId "1270982"]
[WhiteElo "2175"]
[BlackElo "2340"]
[WhiteTeam "GER"]
[BlackTeam "GER"]
[WhiteClock "0:00:00"]
[BlackClock "0:01:19"]

1. e4 e6 2. d4 d5 3. exd5 exd5 4. Bd3 Nc6 5. c3 Bd6 6. Ne2 Bg4 7. h3 Bh5 8. Qb3 Nge7 9. Nf4 Bg6 10. Bxg6 hxg6 11. Nxd5 Na5 12. Qa4+ c6 13. Nxe7 Bxe7 14. Be3 b5 15. Qc2 Nc4 16. Nd2 Nxe3 17. fxe3 Bh4+ 18. Ke2 Qe7 19. Nf3 O-O 20. Nxh4 Qxh4 21. Rhf1 Rfe8 22. Rf3 Re7 23. Kf1 Rae8 24. Qd3 a6 25. Kg1 c5 26. Raf1 c4 27. Qd2 g5 28. Qf2 Qh5 29. g4 Qg6 30. Re1 f6 31. Rf5 Re4 32. Qg3 Qf7 33. Kf2 Qe7 34. Rf3 a5 35. a3 b4 36. axb4 axb4 37. Re2 Ra8 38. Rf5 bxc3 39. bxc3 Ra3 40. Qb8+ Kh7 41. Qb2 Rb3 42. Qc2 g6 43. Rc5 Qe6 44. Rc7+ Kh6 45. Qd2 Qd6 46. Rxc4 Qh2+ 47. Kf1 Rb1+ 48. Re1 Qxd2 49. Rxb1 Qd3+ 0-1

[Event "January 2 Late 2024"]
[Site "https://www.chess.com"]
[Date "2024.01.02"]
[Round "11"]
[White "Clarke, Matthew"]
[Black "Poddubnyi, Viktor"]
[Result "0-1"]
[Board "114"]
[TimeControl "180+1"]
[WhiteFideId "3227804"]
[BlackFideId "4141989"]
[WhiteElo "2161"]
[BlackElo "2332"]
[WhiteTeam "AUS"]
[BlackTeam "RUS"]
[WhiteClock "0:00:28"]
[BlackClock "0:00:37"]

1. d4 g6 2. e4 Bg7 3. Nc3 d6 4. Be3 a6 5. a4 Nc6 6. h3 Nf6 7. Nf3 O-O 8. Be2 e5 9. O-O exd4 10. Nxd4 Re8 11. Bf3 Ne5 12. Be2 Bd7 13. f4 Nc6 14. Bf3 Nxd4 15. Bxd4 Bc6 16. Re1 Nd7 17. Bf2 Bxc3 18. bxc3 Qe7 19. Qd4 a5 20. h4 h5 21. Re2 Nc5 22. f5 Nd7 23. fxg6 fxg6 24. Re3 Ne5 25. Be2 Kh7 26. Re1 b6 27. Rg3 Rf8 28. Be3 Qxh4 29. Rh3 Qxe1+ 0-1

[Event "January 2 Late 2024"]
[Site "https://www.chess.com"]
[Date "2024.01.02"]
[Round "11"]
[White "Zampronha, Wladimir Camilo"]
[Black "Dias, Joao Batista"]
[Result "1-0"]
[Board "115"]
[TimeControl "180+1"]
[WhiteFideId "2103087"]
[BlackFideId "2108240"]
[WhiteElo "2331"]
[BlackElo "2035"]
[WhiteTeam "BRA"]
[BlackTeam "BRA"]
[WhiteClock "0:01:09"]
[BlackClock "0:01:47"]

1. e4 g6 2. d4 Bg7 3. Nf3 c5 4. d5 d6 5. c4 Nf6 6. Nc3 O-O 7. Bd3 a6 8. O-O Bg4 9. h3 Bxf3 10. Qxf3 Nbd7 11. Qe2 Ne5 12. Bc2 Ned7 13. Bd2 Rb8 14. Rae1 Re8 15. f4 e6 16. dxe6 fxe6 17. Qf3 Rf8 18. Qd3 Qc7 19. Rf3 Nb6 20. b3 Rbd8 21. f5 exf5 22. exf5 d5 23. cxd5 Nfxd5 24. Nxd5 Nxd5 25. fxg6 Nb4 26. Qc4+ Kh8 27. Bc3 Nxc2 28. Bxg7+ Qxg7 29. Rxf8+ Rxf8 30. Qxc2 Qxg6 31. Qxc5 Qf6 32. Qe5 Kg7 33. Qxf6+ Rxf6 34. Re7+ Rf7 35. Rxf7+ Kxf7 36. Kf2 Kg6 37. Kf3 Kf5 38. g4+ Kg5 39. Kg3 Kg6 40. Kf4 b5 41. b4 Kf6 42. h4 Kg6 43. Ke5 1-0

[Event "January 2 Late 2024"]
[Site "https://www.chess.com"]
[Date "2024.01.02"]
[Round "11"]
[White "Korol, Dimitry"]
[Black "Alves Campelo, Danilo Cesar De L"]
[Result "1-0"]
[Board "116"]
[TimeControl "180+1"]
[WhiteFideId "14108003"]
[BlackFideId "2123657"]
[WhiteElo "2326"]
[BlackElo "1979"]
[WhiteTeam "UKR"]
[BlackTeam "BRA"]
[WhiteClock "0:02:58"]
[BlackClock "0:01:31"]

1. d4 Nf6 2. c4 e6 3. Nc3 c5 4. d5 exd5 5. cxd5 d6 6. Nf3 a6 7. a4 g6 8. Nd2 Bg7 9. Nc4 O-O 10. Bf4 Ne8 11. Qd2 f5 12. h4 Qf6 13. Nb6 1-0

[Event "January 2 Late 2024"]
[Site "https://www.chess.com"]
[Date "2024.01.02"]
[Round "11"]
[White "HouseOfDurin"]
[Black "Petr, Jan"]
[Result "0-1"]
[Board "117"]
[TimeControl "180+1"]
[BlackFideId "345784"]
[WhiteElo "2235"]
[BlackElo "2391"]
[BlackTeam "CZE"]
[WhiteClock "0:00:00"]
[BlackClock "0:00:16"]

1. d4 Nf6 2. Bg5 c6 3. Bxf6 gxf6 4. c4 Rg8 5. g3 h5 6. h4 d5 7. e3 Bg4 8. Qc2 e6 9. Nc3 Na6 10. a3 Nc7 11. c5 Bh6 12. Be2 Qe7 13. O-O-O b6 14. cxb6 axb6 15. Kb1 c5 16. f3 Bf5 17. e4 Bh7 18. dxc5 bxc5 19. Nb5 Rxg3 20. Nxc7+ Qxc7 21. Bb5+ Kf8 22. Qh2 dxe4 23. Ka2 Bf4 24. Ne2 Rxf3 25. Nxf4 Qxf4 26. Qc2 Qe5 27. Rd7 Bg6 28. Rhd1 Kg7 29. Rb7 e3 30. Qc4 Rf2 31. Rb1 e2 32. Bc6 Bxb1+ 33. Kxb1 e1=Q+ 34. Ka2 Ra6 35. Rxf7+ Kxf7 36. Qb5 Q1e2 37. Qxe2 Rxe2 0-1

[Event "January 2 Late 2024"]
[Site "https://www.chess.com"]
[Date "2024.01.02"]
[Round "11"]
[White "Yushko, Olga"]
[Black "Bazzano, Sebastian"]
[Result "0-1"]
[Board "118"]
[TimeControl "180+1"]
[WhiteFideId "14114500"]
[BlackFideId "104566"]
[WhiteElo "2208"]
[BlackElo "2287"]
[WhiteTeam "UKR"]
[BlackTeam "ARG"]
[WhiteClock "0:00:22"]
[BlackClock "0:00:35"]

1. d4 Nf6 2. c4 c5 3. d5 e6 4. Nc3 exd5 5. cxd5 d6 6. e4 g6 7. Nf3 Bg7 8. Bd3 O-O 9. O-O Bg4 10. Bf4 a6 11. a4 Qe7 12. Re1 Nbd7 13. h3 Bxf3 14. Qxf3 Ne5 15. Bxe5 Qxe5 16. a5 Nd7 17. Rab1 Qd4 18. Ne2 Qb4 19. Qe3 Qxa5 20. f4 b5 21. Kh1 c4 22. Bc2 Rfe8 23. Qg3 Qd2 24. Bd1 Rxe4 25. f5 Ne5 26. fxg6 hxg6 27. Rf1 Rxe2 28. Bxe2 Qxe2 29. Rbe1 Qxb2 30. Rf2 Qb4 31. Ref1 Qc5 32. Qg5 c3 33. Qe7 Rf8 34. Rc2 b4 35. Qb7 Qb5 36. Qc7 Qxf1+ 0-1

[Event "January 2 Late 2024"]
[Site "https://www.chess.com"]
[Date "2024.01.02"]
[Round "11"]
[White "Sarkar, Justin"]
[Black "Doublekk14"]
[Result "1-0"]
[Board "119"]
[TimeControl "180+1"]
[WhiteFideId "2010011"]
[WhiteElo "2267"]
[BlackElo "2246"]
[WhiteTeam "USA"]
[WhiteClock "0:00:01"]
[BlackClock "0:00:00"]

1. d4 Nf6 2. c4 e6 3. Nf3 d5 4. Bg5 Be7 5. e3 Ne4 6. Bxe7 Qxe7 7. Nc3 Nxc3 8. bxc3 Nc6 9. cxd5 exd5 10. Qb3 Qd6 11. Bd3 h6 12. O-O O-O 13. a4 b6 14. Qa3 Qxa3 15. Rxa3 Bg4 16. c4 Bxf3 17. gxf3 dxc4 18. Be4 Na5 19. Bxa8 Rxa8 20. d5 Rd8 21. e4 Nb3 22. Rd1 Kf8 23. e5 Ke7 24. f4 a5 25. h4 c5 26. h5 Nd4 27. d6+ Ke6 28. Kg2 Kf5 29. Rg3 g5 30. hxg6 fxg6 31. Rh1 Ne2 32. Rf3 Nxf4+ 33. Kg3 g5 34. Rxh6 c3 35. e6 c2 36. Rh1 Rxd6 37. e7 Re6 38. Re3 c1=Q 39. Rxc1 Ne2+ 40. Rxe2 Rxe2 41. Rb1 Rxe7 42. Rxb6 Rc7 43. Rb5 Ke4 44. Rxa5 c4 45. Rb5 c3 46. Rb1 c2 47. Rc1 Kd3 48. Kg4 Rc5 49. f3 Kd2 50. Ra1 1-0

[Event "January 2 Late 2024"]
[Site "https://www.chess.com"]
[Date "2024.01.02"]
[Round "11"]
[White "Cueto, Jonny"]
[Black "hoshiboshi"]
[Result "0-1"]
[Board "120"]
[TimeControl "180+1"]
[WhiteFideId "3300145"]
[WhiteElo "2250"]
[BlackElo "2150"]
[WhiteTeam "BOL"]
[WhiteClock "0:00:00"]
[BlackClock "0:00:16"]

1. d4 Nf6 2. Bf4 d5 3. e3 e6 4. Nf3 Bd6 5. Ne5 O-O 6. Bd3 c5 7. c3 Nc6 8. Nd2 Qc7 9. Ndf3 Ne4 10. O-O f6 11. Nxc6 bxc6 12. Bxd6 Qxd6 13. Bxe4 dxe4 14. Nd2 Ba6 15. Re1 Bd3 16. Qg4 f5 17. Qh4 c4 18. b3 Qd5 19. b4 a5 20. a3 Ra7 21. f3 Rfa8 22. fxe4 fxe4 23. Nb1 axb4 24. cxb4 Qd8 25. Qh3 Qf6 26. Qg3 Rf8 27. Nd2 c3 28. Nb3 Raf7 29. h3 Qf2+ 30. Qxf2 Rxf2 31. Nc5 R8f6 32. Nd7 Rf1+ 33. Rxf1 Rxf1+ 34. Rxf1 Bxf1 35. Nc5 Bc4 36. Nxe4 c2 0-1

[Event "January 2 Late 2024"]
[Site "https://www.chess.com"]
[Date "2024.01.02"]
[Round "11"]
[White "Jing, Andrew"]
[Black "Dmitriev, Sergey"]
[Result "0-1"]
[Board "121"]
[TimeControl "180+1"]
[WhiteFideId "30984076"]
[BlackFideId "14101785"]
[WhiteElo "2169"]
[BlackElo "2037"]
[WhiteTeam "USA"]
[BlackTeam "UKR"]
[WhiteClock "0:02:04"]
[BlackClock "0:01:55"]

1. d4 d6 2. e4 g6 3. g3 Bg7 4. Bg2 Nf6 5. c4 O-O 6. Nc3 Nc6 7. Nf3 Bg4 8. O-O e5 9. d5 Nd4 10. h3 Nxf3+ 11. Bxf3 Bxh3 12. Bg2 Qd7 13. f4 exf4 14. Bxf4 Bxg2 15. Kxg2 Nh5 16. Qf3 Nxf4+ 17. gxf4 f5 18. Rae1 Rae8 19. Re2 Bxc3 20. bxc3 fxe4 21. Rxe4 Rxe4 22. Qxe4 Qg4+ 23. Kh2 Rf5 24. Qe8+ Kg7 25. Qe7+ Kh6 26. Qe4 Rh5# 0-1

[Event "January 2 Late 2024"]
[Site "https://www.chess.com"]
[Date "2024.01.02"]
[Round "11"]
[White "Gavrilov, Maxim"]
[Black "Delgado Kuffo, Andres"]
[Result "0-1"]
[Board "122"]
[TimeControl "180+1"]
[WhiteFideId "24271454"]
[BlackFideId "3600475"]
[WhiteElo "2450"]
[BlackElo "2254"]
[WhiteTeam "RUS"]
[BlackTeam "ECU"]
[WhiteClock "0:00:00"]
[BlackClock "0:00:06"]

1. d4 Nf6 2. Nf3 c5 3. d5 b5 4. e4 Nxe4 5. Bxb5 Qa5+ 6. Nc3 Nxc3 7. bxc3 Qxb5 8. Nd2 c4 9. Nf3 Bb7 10. O-O Qxd5 11. Qe1 Nc6 12. Be3 Ne5 13. Nh4 Qe4 14. f3 Qxc2 15. Bd4 Ng6 16. Rc1 Qa4 17. Nf5 Qc6 18. Rb1 f6 19. Rxb7 e5 20. Rb2 Qe6 21. Qb1 exd4 22. Re1 Ne5 23. cxd4 Kf7 24. dxe5 Bc5+ 25. Kh1 fxe5 26. Rbe2 Rhe8 27. Qe4 d5 28. Qg4 Qf6 29. h4 Kg8 30. h5 Bf8 31. Kh2 g6 32. Ng3 Bg7 33. hxg6 Qxg6 34. Qd7 Rad8 35. Qxa7 d4 36. Qa4 Qf7 37. Re4 c3 38. Rg4 Kh8 0-1

[Event "January 2 Late 2024"]
[Site "https://www.chess.com"]
[Date "2024.01.02"]
[Round "11"]
[White "Sreyas Payyappat"]
[Black "Harish, Neeraj"]
[Result "1-0"]
[Board "123"]
[TimeControl "180+1"]
[WhiteFideId "46674969"]
[BlackFideId "30958130"]
[WhiteElo "2424"]
[BlackElo "2252"]
[WhiteTeam "IND"]
[BlackTeam "USA"]
[WhiteClock "0:02:01"]
[BlackClock "0:02:27"]

1. e4 c6 2. d4 d5 3. Nc3 dxe4 4. Nxe4 Nf6 5. Nxf6+ exf6 6. Bc4 Bd6 7. Qe2+ Qe7 8. Qxe7+ Kxe7 9. Ne2 Re8 10. Be3 Kf8 11. O-O-O Bf5 12. h3 Nd7 13. Rhe1 Bg6 14. Bf4 Bxf4+ 15. Nxf4 Rxe1 16. Rxe1 Re8 17. Rxe8+ Kxe8 18. c3 Nb6 19. Bb3 a5 20. a4 Ke7 21. h4 h5 22. f3 Nd7 23. g4 hxg4 24. fxg4 Be4 25. Kd2 Nf8 26. Ke3 Bh7 27. g5 fxg5 28. hxg5 Ne6 29. Bxe6 fxe6 30. g6 Bg8 31. Nh5 e5 32. dxe5 Bb3 33. Nxg7 Bxa4 34. Kf4 Bc2 35. Kg5 c5 36. Nf5+ Kf8 37. Kf6 Bb3 38. e6 Bxe6 39. Kxe6 b5 40. g7+ Kg8 41. Kf6 1-0

[Event "January 2 Late 2024"]
[Site "https://www.chess.com"]
[Date "2024.01.02"]
[Round "11"]
[White "Minina, Veronika"]
[Black "Sanchez Alvares, Kelvin Antonio"]
[Result "1-0"]
[Board "124"]
[TimeControl "180+1"]
[WhiteFideId "4174780"]
[BlackFideId "3906680"]
[WhiteElo "2249"]
[BlackElo "2380"]
[WhiteTeam "RUS"]
[BlackTeam "VEN"]
[WhiteClock "0:00:09"]
[BlackClock "0:00:00"]

1. Nf3 d5 2. g3 c6 3. Bg2 Nf6 4. c4 Bf5 5. cxd5 cxd5 6. Qb3 Qc7 7. Nc3 e6 8. d3 Nc6 9. Bf4 Qb6 10. Qxb6 axb6 11. O-O Be7 12. Nb5 O-O 13. Rfc1 h6 14. a3 Nd7 15. Nfd4 Nc5 16. Nxf5 exf5 17. Bxd5 Bf6 18. Rab1 Nd4 19. Nxd4 Bxd4 20. e3 Bf6 21. Bd6 Nxd3 22. Bxf8 Nxc1 23. Bb4 Nd3 24. Bd2 Rd8 25. Bxb7 Nxb2 26. Bb4 Rd3 27. Ba6 Rd7 28. Kg2 Nc4 29. Bxc4 Rc7 30. Bd5 g6 31. Bf3 Kg7 32. Bd2 1-0

[Event "January 2 Late 2024"]
[Site "https://www.chess.com"]
[Date "2024.01.02"]
[Round "11"]
[White "Kostiukov, Alexandr"]
[Black "Clawitter, Craig"]
[Result "0-1"]
[Board "125"]
[TimeControl "180+1"]
[WhiteFideId "14108100"]
[BlackFideId "2023105"]
[WhiteElo "2316"]
[BlackElo "2229"]
[WhiteTeam "UKR"]
[BlackTeam "USA"]
[WhiteClock "0:00:17"]
[BlackClock "0:00:09"]

1. g3 d5 2. Bg2 Nf6 3. d3 e6 4. e4 dxe4 5. dxe4 Qxd1+ 6. Kxd1 Bc5 7. f3 Nc6 8. c3 a5 9. a4 e5 10. Nd2 b6 11. Kc2 Ba6 12. Bf1 Bxf1 13. Nxf1 O-O-O 14. Be3 Nd7 15. Nh3 f6 16. Nf2 Ne7 17. Nd3 Bxe3 18. Nxe3 Kb7 19. Rhd1 Kc6 20. Nc4 Nc5 21. b4 Nxd3 22. Rxd3 Rxd3 23. b5+ Kc5 24. Nxa5 bxa5 25. Kxd3 Rd8+ 26. Ke3 Nc8 27. f4 Nb6 28. fxe5 Nc4+ 29. Kf4 Nxe5 30. Kf5 Rd6 31. h4 g6+ 32. Kf4 Rd3 33. Rf1 Rxc3 34. g4 Ra3 35. g5 Nd7 36. gxf6 Nxf6 37. Ke5 Ng4+ 38. Ke6 Rxa4 39. e5 Re4 40. Rc1+ Kb6 41. Rc6+ Kb7 42. Rc5 Rxe5+ 43. Rxe5 Nxe5 44. Kxe5 a4 0-1

[Event "January 2 Late 2024"]
[Site "https://www.chess.com"]
[Date "2024.01.02"]
[Round "11"]
[White "Fernandez Hernandez, Gerardo"]
[Black "Guevara Sanchez, Erick Marvin"]
[Result "1-0"]
[Board "126"]
[TimeControl "180+1"]
[WhiteFideId "2207400"]
[BlackFideId "6700136"]
[WhiteElo "2307"]
[BlackElo "2212"]
[WhiteTeam "ESP"]
[BlackTeam "ESA"]
[WhiteClock "0:00:49"]
[BlackClock "0:01:29"]

1. e4 c5 2. d3 d6 3. g3 Nf6 4. Bg2 Nc6 5. f4 g6 6. Nf3 Bg7 7. O-O O-O 8. h3 b5 9. a4 b4 10. Nbd2 Bb7 11. Nc4 d5 12. exd5 Nxd5 13. Bd2 Nd4 14. a5 Qc7 15. a6 Bc6 16. Nfe5 Rad8 17. Nxc6 Qxc6 18. c3 bxc3 19. bxc3 Nb5 20. Ne5 Bxe5 21. fxe5 c4 22. Qf3 Qc5+ 23. d4 Nxd4 24. cxd4 Qxd4+ 25. Kh2 Qxe5 26. Bh6 Rfe8 27. Qxf7+ Kh8 28. Bxd5 c3 29. Rae1 Qd4 30. Rxe7 Rxe7 31. Qf8+ Rxf8 32. Rxf8# 1-0

[Event "January 2 Late 2024"]
[Site "https://www.chess.com"]
[Date "2024.01.02"]
[Round "11"]
[White "Keller, Peter"]
[Black "Osmonbekov, Talaibek"]
[Result "1/2-1/2"]
[Board "127"]
[TimeControl "180+1"]
[WhiteFideId "1272105"]
[BlackFideId "2017253"]
[WhiteElo "2207"]
[BlackElo "2300"]
[WhiteTeam "GER"]
[BlackTeam "USA"]
[WhiteClock "0:00:46"]
[BlackClock "0:00:24"]

1. e4 c5 2. Nf3 d6 3. Bb5+ Bd7 4. c4 Nc6 5. Nc3 g6 6. d4 cxd4 7. Nxd4 Bg7 8. Be3 Nf6 9. f3 O-O 10. O-O Rb8 11. Rc1 a6 12. Ba4 Nxd4 13. Bxd4 Bxa4 14. Qxa4 Nxe4 15. Bxg7 Nc5 16. Qc2 Kxg7 17. b4 Ne6 18. Nd5 Nd4 19. Qb2 e5 20. f4 f5 21. Rfe1 Re8 22. fxe5 dxe5 23. Rxe5 Rxe5 24. Qxd4 Qd6 25. Re1 Re8 26. c5 Qe6 27. Nc7 Kf7 28. Nxe6 Rxe1+ 29. Kf2 R1xe6 30. a4 R8e7 31. Qd5 Kg7 32. b5 axb5 33. axb5 Re2+ 34. Kf1 Re1+ 35. Kf2 R1e2+ 36. Kf1 Re1+ 37. Kf2 R1e5 38. Qd6 Re2+ 39. Kf1 Re1+ 40. Kf2 R1e6 41. Qd4+ Kh6 42. Qh4+ Kg7 43. Qd4+ Kf7 44. Qd5 Kg7 45. Qd4+ 1/2-1/2

[Event "January 2 Late 2024"]
[Site "https://www.chess.com"]
[Date "2024.01.02"]
[Round "11"]
[White "MiguelEduardoGB"]
[Black "Kujawski, Adam"]
[Result "0-1"]
[Board "128"]
[TimeControl "180+1"]
[BlackFideId "1100920"]
[WhiteElo "2195"]
[BlackElo "2296"]
[BlackTeam "POL"]
[WhiteClock "0:00:42"]
[BlackClock "0:00:15"]

1. b3 e5 2. Bb2 Nc6 3. g3 d5 4. Bg2 Nf6 5. d3 Bc5 6. Nd2 Bxf2+ 7. Kxf2 Ng4+ 8. Ke1 Ne3 9. Qc1 Nxg2+ 10. Kf2 Nh4 11. gxh4 Qxh4+ 12. Kf1 Bh3+ 13. Nxh3 Qxh3+ 14. Ke1 O-O-O 15. Nf3 e4 16. Nd4 exd3 17. cxd3 Qh4+ 18. Kd1 Nxd4 19. Bxd4 Qxd4 20. Rf1 Rd7 21. Rf4 Qg1+ 22. Kc2 Qxc1+ 23. Rxc1 f6 24. Rg1 c6 25. Kd2 h6 26. Rg6 Re8 27. Rfg4 Ree7 28. h4 Kc7 29. h5 b6 30. b4 c5 31. bxc5 bxc5 32. Ra4 Kb6 33. Rag4 a5 34. Rg1 Kc6 35. R1g4 Ra7 36. a4 Kd6 37. Rg1 d4 38. R1g2 Ke6 39. Rg1 Rad7 40. Rc1 Rd5 41. Rh1 Rg5 42. Rxg5 fxg5 43. Rb1 Kd5 44. Rb5 g4 45. Rb1 Re5 46. Rg1 Rg5 47. e4+ dxe3+ 48. Kxe3 g3 49. Kf4 g2 50. Kf3 Kd4 51. Rxg2 Rxg2 52. Kxg2 Kxd3 53. Kf3 c4 54. Kf4 c3 55. Kf5 c2 56. Kg6 c1=Q 57. Kxg7 Qg5+ 0-1

[Event "January 2 Late 2024"]
[Site "https://www.chess.com"]
[Date "2024.01.02"]
[Round "11"]
[White "Vanek, Tomas"]
[Black "yujiarun18"]
[Result "1-0"]
[Board "129"]
[TimeControl "180+1"]
[WhiteFideId "313459"]
[WhiteElo "2271"]
[BlackElo "2159"]
[WhiteTeam "CZE"]
[WhiteClock "0:01:55"]
[BlackClock "0:02:18"]

1. e4 c5 2. Nc3 Nc6 3. g3 g6 4. Bg2 Bg7 5. d3 d6 6. Be3 Nf6 7. h3 O-O 8. Nge2 b6 9. e5 Bb7 10. exf6 Bxf6 11. O-O d5 12. Nxd5 Bg7 13. c3 Ne5 14. Nf6+ Bxf6 15. Bxb7 Qd7 16. Bxa8 Rxa8 17. f4 Nxd3 18. Nc1 1-0

[Event "January 2 Late 2024"]
[Site "https://www.chess.com"]
[Date "2024.01.02"]
[Round "11"]
[White "Sarquis, Maria Belen"]
[Black "Thake, Conrad"]
[Result "1-0"]
[Board "130"]
[TimeControl "180+1"]
[WhiteFideId "111805"]
[BlackFideId "5602947"]
[WhiteElo "2255"]
[BlackElo "1890"]
[WhiteTeam "ARG"]
[BlackTeam "MLT"]
[WhiteClock "0:00:57"]
[BlackClock "0:00:59"]

1. e4 c5 2. Nf3 Nc6 3. Bb5 d6 4. O-O Bd7 5. c3 a6 6. Ba4 b5 7. Bc2 e5 8. h3 Nf6 9. d4 cxd4 10. cxd4 Nb4 11. Bb3 Be7 12. dxe5 dxe5 13. Bxf7+ Kxf7 14. Qb3+ Be6 15. Ng5+ Ke8 16. Nxe6 Qb6 17. Be3 Qb7 18. Nxg7+ Kf8 19. Bh6 Nxe4 20. Nc3 Nc5 21. Qxb4 Ne6 22. Nxe6+ 1-0

[Event "January 2 Late 2024"]
[Site "https://www.chess.com"]
[Date "2024.01.02"]
[Round "11"]
[White "Kornyukov, Alexey"]
[Black "Desideri, Ricardo Maruchi"]
[Result "0-1"]
[Board "131"]
[TimeControl "180+1"]
[WhiteFideId "4150457"]
[BlackFideId "2110440"]
[WhiteElo "2283"]
[BlackElo "1992"]
[WhiteTeam "RUS"]
[BlackTeam "BRA"]
[WhiteClock "0:00:42"]
[BlackClock "0:00:27"]

1. d4 Nf6 2. c4 c5 3. d5 e6 4. Nc3 exd5 5. cxd5 d6 6. e4 g6 7. f3 Bg7 8. Bg5 a6 9. a4 Nbd7 10. Nh3 O-O 11. Nf2 h6 12. Be3 Re8 13. Qd2 Kh7 14. Be2 Rb8 15. O-O Qe7 16. Rfb1 Ne5 17. h3 c4 18. b4 b5 19. axb5 axb5 20. Ra5 Bd7 21. Rba1 Nh5 22. f4 Nd3 23. Bxh5 gxh5 24. Nxd3 cxd3 25. Ra7 Rbc8 26. Nxb5 Bxa1 27. e5 Bxb5 28. Rxe7 Rxe7 29. exd6 Rd7 30. Bc5 Re8 31. Qa2 Bc3 32. Kh2 Re2 33. Qb3 Bd2 34. Kg3 h4+ 35. Kg4 Rxg2+ 36. Kh5 Bxf4 37. Qd1 Rg5+ 38. Kxh4 Bg3# 0-1

[Event "January 2 Late 2024"]
[Site "https://www.chess.com"]
[Date "2024.01.02"]
[Round "11"]
[White "Romero Ruscalleda, Josep"]
[Black "Reinecke, Katharina"]
[Result "1-0"]
[Board "132"]
[TimeControl "180+1"]
[WhiteFideId "2231859"]
[BlackFideId "12929727"]
[WhiteElo "2292"]
[BlackElo "2029"]
[WhiteTeam "ESP"]
[BlackTeam "GER"]
[WhiteClock "0:00:07"]
[BlackClock "0:00:00"]

1. e4 c6 2. Nc3 d5 3. Nf3 Bg4 4. h3 Bxf3 5. Qxf3 e6 6. d3 Nf6 7. Bd2 Be7 8. g4 d4 9. Ne2 c5 10. Qg3 Nc6 11. f4 b5 12. g5 Nd7 13. Bg2 Qc7 14. O-O h6 15. h4 hxg5 16. hxg5 O-O-O 17. a4 b4 18. b3 f6 19. g6 Nf8 20. f5 exf5 21. exf5 Bd6 22. Bf4 Ne5 23. Kf2 Nfd7 24. Ng1 Nxd3+ 25. Qxd3 Bxf4 26. Qa6+ Kb8 27. Nf3 Bg3+ 28. Ke2 Rde8+ 29. Kd1 Rh2 30. Qb5+ Kc8 31. Bh1 Ree2 32. Qxe2 Rxe2 33. Kxe2 Ne5 34. Kd2 Ng4 35. Kc1 Ne3 36. Rg1 Bf4 37. Kb2 c4 38. Nxd4 Be5 39. Rad1 cxb3 40. cxb3 Qc3+ 41. Kb1 Bxd4 42. Rc1 Kd7 43. Rxc3 bxc3 44. Re1 c2+ 45. Kc1 Kd6 46. Be4 Ke5 47. Bxc2 Kf4 48. Bd3 Bc3 49. Re2 Bd4 50. Kd2 Bb6 51. Rf2+ Ke5 52. Rf3 Nd5 53. Bc4 Ba5+ 54. Kd3 Nb4+ 55. Ke2 Nd5 56. Bxd5 Kxd5 57. Kd3 Ke5 58. Kc4 Bb6 59. b4 Bd4 60. a5 a6 61. b5 1-0

[Event "January 2 Late 2024"]
[Site "https://www.chess.com"]
[Date "2024.01.02"]
[Round "11"]
[White "Carrillo Marval, Maria Angelica"]
[Black "Burke, Paul"]
[Result "1-0"]
[Board "133"]
[TimeControl "180+1"]
[WhiteFideId "3911853"]
[BlackFideId "2605767"]
[WhiteElo "2053"]
[BlackElo "1940"]
[WhiteTeam "PAN"]
[BlackTeam "CAN"]
[WhiteClock "0:00:19"]
[BlackClock "0:00:32"]

1. e4 e5 2. Nf3 Nc6 3. Bc4 Be7 4. O-O Nf6 5. d3 O-O 6. c3 d6 7. Bb3 Bg4 8. Nbd2 d5 9. Qe2 dxe4 10. dxe4 Kh8 11. Rd1 Qc8 12. Nf1 Nxe4 13. Qxe4 f5 14. Qc2 e4 15. h3 exf3 16. hxg4 fxg2 17. Kxg2 fxg4 18. Ng3 Ne5 19. Be3 Nf3 20. Rh1 Nh4+ 21. Kf1 Qd8 22. Qe4 Bd6 23. Bc2 1-0

[Event "January 2 Late 2024"]
[Site "https://www.chess.com"]
[Date "2024.01.02"]
[Round "11"]
[White "Piscicelli, Daniel Orlando"]
[Black "Ivanov, Aleksandr"]
[Result "0-1"]
[Board "134"]
[TimeControl "180+1"]
[WhiteFideId "101958"]
[BlackFideId "2092980"]
[WhiteElo "2342"]
[BlackElo "2132"]
[WhiteTeam "ARG"]
[BlackTeam "USA"]
[WhiteClock "0:00:06"]
[BlackClock "0:01:41"]

1. e4 e6 2. d4 d5 3. exd5 exd5 4. Bd3 Nf6 5. Nf3 Bd6 6. O-O O-O 7. Bg5 Bg4 8. Nbd2 Nbd7 9. c3 c6 10. Qc2 Qc7 11. Rfe1 Bh5 12. Rac1 Bg6 13. Bxg6 fxg6 14. Bh4 Rae8 15. Bxf6 Nxf6 16. h3 Kh8 17. Ng5 Qd7 18. Ngf3 Bf4 19. Ne5 Bxe5 20. dxe5 Nh5 21. Nf3 Nf4 22. Rcd1 Nxh3+ 23. gxh3 Rxf3 24. Kh2 Qxh3+ 25. Kg1 Ref8 26. Re2 R8f4 27. Rxd5 Rg4# 0-1

[Event "January 2 Late 2024"]
[Site "https://www.chess.com"]
[Date "2024.01.02"]
[Round "11"]
[White "Pein, Jonathan"]
[Black "Oliveira, Tiago Batista"]
[Result "1-0"]
[Board "135"]
[TimeControl "180+1"]
[WhiteFideId "417092"]
[BlackFideId "2108291"]
[WhiteElo "2331"]
[BlackElo "2024"]
[WhiteTeam "ENG"]
[BlackTeam "BRA"]
[WhiteClock "0:00:22"]
[BlackClock "0:00:00"]

1. b3 Nf6 2. Bb2 e6 3. e3 c5 4. f4 Nc6 5. Nf3 Be7 6. Be2 d5 7. O-O O-O 8. Qe1 a6 9. a4 Bd7 10. Qg3 d4 11. exd4 Ne4 12. Qe1 Bf6 13. Bxa6 Nxd4 14. Nxd4 cxd4 15. Qxe4 Bc6 16. Bxb7 Bxe4 17. Bxe4 Rb8 18. Bd3 e5 19. Na3 exf4 20. Rxf4 Be5 21. Rf3 Re8 22. Nc4 Bc7 23. Raf1 f6 24. Ba3 Kh8 25. Rh3 h6 26. Bb2 Be5 27. a5 Qc7 28. Rh5 Re7 29. Ba3 Rd7 30. Bf5 Rdd8 31. d3 Rb5 32. Bc1 Kg8 33. Be6+ Kf8 34. Ba3+ Bd6 35. Nxd6 Rxh5 36. Nf5+ Rd6 37. Bxd6+ Qxd6 38. Nxd6 Rxa5 39. Nc4 Ra2 40. Rc1 Ke7 41. Bf5 Ke8 42. b4 Ke7 43. b5 Kd8 44. b6 1-0

[Event "January 2 Late 2024"]
[Site "https://www.chess.com"]
[Date "2024.01.02"]
[Round "11"]
[White "Kubatko, Ivan"]
[Black "Petersson, Kjell"]
[Result "0-1"]
[Board "136"]
[TimeControl "180+1"]
[WhiteFideId "24111473"]
[BlackFideId "1705148"]
[WhiteElo "2304"]
[BlackElo "2113"]
[WhiteTeam "RUS"]
[BlackTeam "SWE"]
[WhiteClock "0:02:03"]
[BlackClock "0:02:06"]

1. e4 c5 2. Nc3 g6 3. h4 h5 4. Nf3 Nc6 5. d4 cxd4 6. Nxd4 Bg7 7. Be3 d6 8. Be2 Nf6 9. Qd2 Bd7 10. O-O-O Na5 11. Kb1 Rc8 0-1